 Dungeon Crawl Stone Soup version 0.19-a0-1008-g4c63d25 (webtiles) character file.

653 mistymad the Magician (level 7, -3/36 HPs)
             Began as a Deep Elf Conjurer on July 22, 2016.
             Slain by a gnoll
             ... wielding a +0 flail
              (7 damage)
             ... on level 3 of the Dungeon.
             The game lasted 00:12:38 (3958 turns).

mistymad the Magician (Deep Elf Conjurer)           Turns: 3958, Time: 00:12:38

Health: -3/36      AC:  5    Str:  5    XL:     7   Next: 29%
Magic:  9/20       EV: 13    Int: 22    God:
Gold:   258        SH:  0    Dex: 15    Spells: 4 memorised, 10 levels left

rFire  + + .     SeeInvis .     l - +0 dagger (elec)
rCold  + . .     Gourm    .     A - +1 robe {rF+}
rNeg   . . .     Faith    .     (no shield)
rPois  .         Spirit   .     (no helmet)
rElec  .         Dismiss  .     (no cloak)
rCorr  .         Reflect  .     (no gloves)
SustAt .         Harm     .     g - +1 pair of boots
MR     .....                    (no amulet)
Stlth  ++........               v - ring of protection from cold
                                h - ring of protection from fire

@: not resistant to hostile enchantments, unstealthy
A: no striking features
a: no special abilities


You were on level 3 of the Dungeon.
You were very hungry.

You visited 1 branch of the dungeon, and saw 4 of its levels.

You collected 258 gold pieces.

Inventory:

Hand Weapons
 l - a +0 dagger of electrocution (weapon)
Missiles
 p - a throwing net (quivered)
Armour
 a - a +0 robe
 g - a +1 pair of boots (worn)
 u - a +0 buckler
 A - a +1 robe of fire resistance (worn)
Jewellery
 h - a ring of protection from fire (left hand)
 v - a ring of protection from cold (right hand)
 y - an uncursed ring of flight
Wands
 w - a wand of acid (5/15)
Scrolls
 d - 2 scrolls of enchant armour
 e - 3 scrolls of noise {unknown}
 f - 2 scrolls of identify {unknown}
 j - a scroll of magic mapping
 n - a scroll of random uselessness {unknown}
 o - 2 scrolls of blinking {unknown}
 q - a scroll of remove curse
 r - 4 scrolls of teleportation {unknown}
 s - a scroll of immolation {unknown}
 B - a scroll of enchant weapon {unknown}
 C - a scroll of fog {unknown}
 E - a scroll of amnesia {unknown}
Potions
 k - a potion of curing
 m - a potion of magic {unknown}
 t - a potion of invisibility {unknown}
 x - 2 potions of heal wounds {unknown}
 z - a potion of haste {unknown}
Books
 b - a book of Conjurations

   Spells                             Type                      Level
   a - Magic Dart                     Conjuration                  1
   b - Searing Ray                    Conjuration                  2
   c - Dazzling Spray                 Conjuration/Hexes            3
   d - Fulminant Prism                Conjuration/Hexes            4
   e - Iskenderun's Mystic Blast      Conjuration                  4
   f - Iskenderun's Battlesphere      Conjuration/Charms           5
Comestibles
 c - 5 bread rations
 i - 3 meat rations
 D - a slice of pizza


   Skills:
 - Level 2.4 Dodging
 - Level 2.4 Stealth
 + Level 7.8 Spellcasting
 + Level 7.6 Conjurations


You had 10 spell levels left.
You knew the following spells:

 Your Spells              Type           Power        Failure   Level  Hunger
a - Magic Dart            Conj           ####         1%          1    None
b - Searing Ray           Conj           #####.       1%          2    None
c - Iskenderun's Mystic   Conj           #####...     3%          4    ###....
d - Fulminant Prism       Conj/Hex       ####......   17%         4    ###....


Dungeon Overview and Level Annotations

Branches:
Dungeon (4/15)
 Temple: D:4-7

Altars:
Pakellas
Xom

Annotations:
D:4 Menkaure


Message History

The orb of energy hits the gnoll.
The gnoll is severely wounded.
The orb of energy explodes!
You feel sick. The scorpion stings you.
* * * LOW HITPOINT WARNING * * *
The gnoll hits you with a flail.
* * * LOW HITPOINT WARNING * * *
The gnoll hits you but does no damage.
You take 6 damage, and have 3/36 hp.
You now have 13/20 mp.
It was a potion of curing.
You feel better. The scorpion stings you.
* * * LOW HITPOINT WARNING * * *
The gnoll closely misses you.
Casting: Iskenderun's Mystic Blast
Confirm with . or Enter, or press ? or * to list all spells.
Aiming: Iskenderun's Mystic Blast
Press: ? - help, Shift-Dir - straight line, f/p - gnoll
Aim: a gnoll, wielding a whip of freezing (severely wounded)
The orb of energy hits the gnoll.
You kill the gnoll!
The gnoll hits you with a flail!
You die...

##### #....
################# #....
#....)).........# #....
#.#############.# #....
#.#############.#####....
#.....))@g...............
########.s...............
########.#####.... #.#
#.... #.# ##### #.# # #.#
# #######'### #.........#


You could see a scorpion and a gnoll.

Vanquished Creatures
  Blork the orc (D:4)
  The ghost of mistymad the Conjurer, an amateur DECj (D:3)
  A gnoll sergeant (D:4)
  2 scorpions (D:4)
  2 howler monkeys
  An orc wizard (D:4)
  10 gnolls
  5 adders
  2 oozes
  An adder skeleton (D:4)
  5 worms
  3 dart slugs
  2 giant geckos
  4 orcs
  3 ball pythons
  5 giant cockroaches
  9 goblins
  6 hobgoblins
  4 jackals (D:1)
  A quokka (D:3)
  8 bats
  4 giant newts
  8 kobolds
  8 rats
  A fungus (D:3)
97 creatures vanquished.

Vanquished Creatures (others)
  A human (D:3)
1 creature vanquished.

Grand Total: 98 creatures vanquished

Notes
Turn   | Place    | Note
-------+----------+-------------------------------------------
     0 | D:1      | mistymad the Deep Elf Conjurer began the quest for the Orb.
     0 | D:1      | Reached XP level 1. HP: 10/10 MP: 6/6
   169 | D:1      | Reached XP level 2. HP: 15/15 MP: 0/8
   514 | D:1      | Reached skill level 5 in Conjurations
   533 | D:1      | Reached XP level 3. HP: 15/19 MP: 1/10
   878 | D:2      | Learned a level 2 spell: Searing Ray
  1076 | D:2      | Reached XP level 4. HP: 24/24 MP: 3/12
  1442 | D:2      | Reached skill level 5 in Spellcasting
  1605 | D:3      | Learned a level 4 spell: Iskenderun's Mystic Blast
  1804 | D:3      | Found a shimmering altar of Xom.
  1932 | D:3      | Found an oddly glowing altar of Pakellas.
  1940 | D:3      | Noticed a human
  1945 | D:3      | Killed a human
  1946 | D:3      | Noticed a toenail golem
  1992 | D:3      | Noticed mistymad's ghost (amateur DECj)
  2005 | D:3      | Killed mistymad's ghost
  2005 | D:3      | Reached XP level 5. HP: 17/28 MP: 0/15
  2337 | D:3      | Learned a level 4 spell: Fulminant Prism
  2839 | D:4      | Reached XP level 6. HP: 24/32 MP: 0/17
  2997 | D:4      | Noticed Blork the orc
  3010 | D:4      | Killed Blork the orc
  3457 | D:4      | Noticed Menkaure
  3757 | D:4      | Reached XP level 7. HP: 36/36 MP: 8/19
  3958 | D:3      | Slain by a gnoll

Vault maps used:
D:1:      roderic_octagonal_star
D:2:      minmay_misc_feat_five
D:3:      lemuel_doored_altar, minmay_gold_behind_fungi,
          gammafunk_pakellas_its_alive
D:4:      lemuel_upstairs_altar, first_bread, lightli_minifort,
          uniq_blork_the_orc, uniq_menkaure

Skill      XL: |  1  2  3  4  5  6 |
---------------+-------------------+-----
Conjurations   | 5 6 7 |  7.6
Spellcasting   | 4 5 6 7 |  7.8
Dodging        | |  2.4
Stealth        | |  2.4

Action                   |  1- 3 |  4- 6 |  7- 9 || total
-------------------------+-------+-------+-------++-------
Melee: Short sword       |     8 |       |       ||     8
       Dagger            |       |    64 |     2 ||    66
 Cast: Magic Dart        |    69 |    67 |     2 ||   138
       Searing Ray       |     1 |     1 |     1 ||     3
       Iskenderun's Myst |       |    30 |     7 ||    37
Evoke: Wand              |       |     3 |       ||     3
  Use: Scroll            |     3 |       |       ||     3
       Potion            |       |       |     1 ||     1
 Stab: Sleeping          |       |     1 |     1 ||     2
       Distracted        |       |     1 |       ||     1
  Eat: Chunk             |       |     8 |       ||     8
       Bread ration      |       |     1 |       ||     1
Armor: Robe              |    10 |    15 |     6 ||    31
Dodge: Dodged            |     9 |    36 |     6 ||    51
